 Dungeon Crawl Stone Soup version bcrawl-1.13.4 (webtiles) character file.

Game seed: 388696362704076132

53 Felnil the Skirmisher (level 3, -3/24 HPs)
             Began as a Skeleton Fighter on Aug 13, 2019.
             Slain by a gnoll
             ... wielding a cursed +0 halberd
              (8 damage)
             ... on level 2 of the Dungeon.
             The game lasted 00:02:42 (1070 turns).

Felnil the Skirmisher (Skeleton Fighter)            Turns: 1070, Time: 00:02:43

Health: -3/24      AC:  8    Str: 21 (23) XL:     3   Next: 64%
Magic:  0/3        EV:  8    Int:  6      God:
Gold:   30         SH:  9    Dex:  8      Spells: 2/2 levels left

rFire    . . .     SeeInvis .   a - +0 war axe
rCold    + . .     Gourm    .   c - +0 shield
rNeg     + + +     Faith    .   b - +0 scale mail
rPois    ∞         Spirit   +   (no helmet)
rElec    .         Reflect  .   d - +0 cloak {MR+}
rCorr    .         Harm     .   (no gloves)
MR       +....                  (no boots)
Stlth    ..........             (no amulet)
HPRegen  0.08/turn              (no ring)
MPRegen  0.08/turn              (no ring)

@: no status effects
A: no food or potions, cold resistance 1, deterioration 1, negative energy
resistance 3, torment resistance, unbreathing, magic shield, sturdy frame 1,
spell healing
a: no special abilities


You were on level 2 of the Dungeon.
You were not hungry.

You visited 1 branch of the dungeon, and saw 2 of its levels.

You collected 30 gold pieces.

Inventory:

Hand Weapons
 a - a +0 war axe (weapon)
Armour
 b - a +0 scale mail (worn)
 c - a +0 shield (worn)
 d - a +0 cloak of magic resistance (worn)
Scrolls
 e - 2 scrolls of magic mapping {unknown}
 f - 3 scrolls of identify {unknown}


   Skills:
 + Level 4.7 Fighting
 - Level 2.4 Axes
 - Level 3.2 Armour
 - Level 3.6 Shields


You had 2 spell levels left.
You didn't know any spells.
Your spell library was empty.

Dungeon Overview and Level Annotations

Branches:
Dungeon (2/12)

Altars:
Fedhas
Qazlal


Innate Abilities, Weirdness & Mutations

You do not eat or drink.
You are immune to poison.
Your flesh is cold resistant. (rC+)
Your body sometimes deteriorates upon taking damage.
You are immune to negative energy. (rN+++)
You are immune to unholy pain and torment.
You can survive without breathing.
When hurt, damage is shared between your health and your magic reserves.
Your movements are slightly less encumbered by armour. (ER -2)
Casting spells heals you.


Message History

The bat barely misses you.
You hit the gnoll.
You kill the gnoll!
You hit the bat.
You kill the bat!
You block the gnoll's attack. You block the gnoll's attack.
The gnoll barely misses you.
You barely miss the gnoll. The gnoll barely misses you.
You block the gnoll's attack.
You slash the gnoll!
The gnoll is severely wounded.
You barely miss the gnoll. You block the gnoll's attack. x2
The gnoll hits you.
* * * LOW HITPOINT WARNING * * *
Your body deteriorates!
You feel weakened.
You barely miss the gnoll.
The gnoll is severely wounded.
You hit the gnoll. You block the gnoll's attack.
The gnoll hits you with a cursed +0 halberd!
You die...

#.# ....#....>####
#######.##.............#
.......................#
..........#............#
..........#............#
..........#............#
....g..g..#............#
####)######.........#
#..g@g..###.........#
#.......'............
#.......######.......
######### #.......
#....<.. #.......
#..PPPP. #..PP_..
#...PPP§


You could see 3 gnolls.

Vanquished Creatures
  A gnoll (D:2)
  An ooze (D:1)
  A dart slug (D:1)
  3 leopard geckos
  5 bats
  A giant cockroach (D:1)
  3 goblins
  2 hobgoblins (D:2)
  4 kobolds
  2 quokkas (D:2)
  A frilled lizard (D:1)
  10 rats
34 creatures vanquished.

Notes
Turn   | Place    | Note
-------+----------+-------------------------------------------
     0 | D:1      | Felnil the Skeleton Fighter began the quest for the Orb.
     0 | D:1      | Reached XP level 1. HP: 14/14 MP: 1/1
   132 | D:1      | Reached XP level 2. HP: 13/19 MP: 2/2
   325 | D:1      | Reached skill level 4 in Fighting
   490 | D:1      | Reached XP level 3. HP: 23/24 MP: 3/3
  1029 | D:2      | Found a blossoming altar of Fedhas.
  1029 | D:2      | Found a stormy altar of Qazlal.
  1070 | D:2      | Slain by a gnoll

Skill      XL: |  1  2 |
---------------+-------+-----
Fighting       | 4 |  4.7
Axes           | |  2.4
Armour         | |  3.2
Shields        | |  3.6

Action                   || total
-------------------------++-------
Melee: War axe           ||   131
Armor: Scale mail        ||    84
Dodge: Dodged            ||    62
Block: Shield            ||   102
